 Dungeon Crawl Stone Soup version 0.27-a0-1186-g8b4daa1eef (webtiles) character file.

Game seed: 1374747387793944345

96 karrick the Grave Robber (level 4, -2/24 HPs)
             Began as a Deep Elf Necromancer on May 19, 2021.
             Slain by an orc priest
             ... wielding a +0 hand axe
              (3 damage)
             ... on level 2 of the Dungeon.
             The game lasted 00:05:15 (2830 turns).

karrick the Grave Robber (Deep Elf Necromancer)     Turns: 2830, Time: 00:05:17

Health: -2/24      AC:  2    Str:  6    XL:     4   Next: 41%
Magic:  12/12      EV: 12    Int: 20    God:
Gold:   108        SH:  0    Dex: 15    Spells: 10/12 levels left

rFire    . . .     SeeInvis .   e - +0 dagger (venom)
rCold    . . .     Faith    .   (no shield)
rNeg     . . .     Spirit   .   a - +0 robe
rPois    .         Reflect  .   (no helmet)
rElec    .         Harm     .   (no cloak)
rCorr    .         Rampage  .   (no gloves)
Will     .....                  (no boots)
Stlth    ++........             (no amulet)
HPRegen  0.08/turn              (no ring)
MPRegen  0.13/turn              (no ring)

@: about to teleport
A: no striking features
a: no special abilities


You were on level 2 of the Dungeon.
You visited 1 branch of the dungeon, and saw 3 of its levels.

You collected 108 gold pieces.

Inventory:

Hand Weapons
 e - a +0 dagger of venom (weapon)
Armour
 a - a +0 robe (worn)
Jewellery
 d - a ring of flight
Scrolls
 b - 2 scrolls of teleportation
 c - a scroll of identify {unknown}
 h - a scroll of magic mapping {unknown}
Potions
 f - a potion of heal wounds {unknown}
 g - 2 potions of might {unknown}


   Skills:
 + Level 0.1 Fighting
 + Level 2.5 Dodging
 + Level 2.6 Stealth
 + Level 4.6 Spellcasting
 + Level 6.1 Necromancy


You had 10 spell levels left.
You knew the following spells:

 Your Spells              Type           Power      Damage    Failure   Level
a - Pain                  Necr           100%       1d9       1%          1
b - Animate Skeleton      Necr           58%        N/A       1%          1

Your spell library contained the following spells:

 Spells                   Type           Power      Damage    Failure   Level
 Vampiric Draining        Necr           14%        2d8       2%          3
 Animate Dead             Necr           14%        N/A       10%         4
 Shock                    Conj/Air       16%        1d4       12%         1
 Static Discharge         Conj/Air       4%         N/A       19%         2
 Agony                    Necr           29%        N/A       26%         5
 Swiftness                Air            4%         N/A       34%         3
 Airstrike                Air            2%         N/A       75%         4
 Lightning Bolt           Conj/Air       2%         1d13      97%         5


Dungeon Overview and Level Annotations

Branches:
Dungeon (3/15)

Altars:


Message History

Beogh smites you!
Ouch! That really hurt!
You hear a shout!
The goblin shoots a stone.
The stone misses you.
There is a stone staircase leading up here.
You climb upwards.
There is a stone staircase leading down here.
There is an escape hatch in the floor here.
You start resting.
HP restored.
There is a faded altar of an unknown god here.
You enter the shallow water.
Moving in this stuff is going to be slow.
There is a stone staircase leading down here.
You climb downwards.
A ball python and 4 gnolls come into view.
The gnoll shouts!
The orc priest shouts!
The gnoll shouts!
The orc priest calls down the wrath of Beogh upon you.
Pain shoots through your body!
The orc priest mumbles some strange prayers to Beogh against you.
You barely resist.
There is a stone staircase leading up here.
The ball python bites you but does no damage.
The ball python closely misses you.
The orc priest calls down the wrath of Beogh upon you.
Beogh smites you!
Ouch! That really hurt!
* * * LOW HITPOINT WARNING * * *
The orc misses you. The orc priest closely misses you.
The gnoll barely misses you.
You climb upwards.
There is a stone staircase leading down here.
Unknown command.
As you read the scroll labelled DUTOIRI GILIGU, it crumbles to dust.
You feel strangely unstable.
It was a scroll of teleportation.
The ball python bites you.
* * * LOW HITPOINT WARNING * * *
The ball python closely misses you. The orc closely misses you.
The orc priest hits you with a +0 hand axe.
You die...

......#.........#.###†#
.....##.#......##.###.#
....###.###.#####..##.#
............### ##.##.#
.....#........####.##.#
...............##...#.########
.....#.#####.................#
......#.....#..o.............#
#.....≈.....≈#..@............#
....#≈.≈...≈≈.#o.S...........#
...#..≈.≈≈≈.≈..#......########
#..#...≈.≈≈≈≈≈≈#....#.#
...#....≈._≈......#.#.#
...#...≈.≈≈≈≈≈≈#......###
...#..≈.≈≈≈.≈..#.##.....#
....#≈.≈...≈≈.#.###.....#
..<...≈.....≈#.## #.....#


You could see an orc priest, an orc and a ball python.

Vanquished Creatures
  2 adders
  A worm (D:2)
  4 dart slugs
  3 ball pythons
  5 endoplasms
  5 giant cockroaches
  4 goblins
  4 hobgoblins
  11 jackals
  3 quokkas (D:3)
  7 bats
  4 kobolds
  5 rats
58 creatures vanquished.

Notes
Turn   | Place    | Note
-------+----------+-------------------------------------------
     0 | D:1      | karrick the Deep Elf Necromancer began the quest for the
                  | Orb.
     0 | D:1      | Reached XP level 1. HP: 10/10 MP: 6/6
    88 | D:1      | Reached skill level 5 in Necromancy
   256 | D:1      | Reached XP level 2. HP: 5/15 MP: 1/8
  1214 | D:2      | Reached XP level 3. HP: 18/19 MP: 8/10
  1446 | D:2      | Learned a level 1 spell: Animate Skeleton
  1550 | D:2      | Reached skill level 6 in Necromancy
  1932 | D:2      | Found a faded altar of an unknown god.
  1979 | D:2      | Reached XP level 4. HP: 21/24 MP: 9/12
  2830 | D:2      | HP: 1/24 [ball python (1)]
  2830 | D:2      | Slain by an orc priest

Illustrated notes

Levels and vault maps discovered:
D:1:      scummos_arrival_star, layout_rooms, nrook_uturn
D:2:      layout_rooms, shapermc_ecumenical_altar_starsandcircs
D:3:      layout_rooms, amethyst_overflow_temple_binary,
          nicolae_overflow_hidden_temple, uniq_ijyb

Skill      XL: |  1  2  3 |
---------------+----------+-----
Necromancy     | 5 6 |  6.1
Spellcasting   | 4 |  4.6
Fighting       | |  0.1
Dodging        | |  2.5
Stealth        | |  2.6

Action                   |  1- 3 |  4- 6 || total
-------------------------+-------+-------++-------
Melee: Dagger            |     6 |       ||     6
 Cast: Pain              |    74 |    28 ||   102
       Animate Skeleton  |     2 |       ||     2
  Use: Scroll            |       |     1 ||     1
Armor: Robe              |     1 |     1 ||     2
Dodge: Dodged            |     6 |    10 ||    16

Table legend: (Time is in decaauts)
 A = Elapsed time spent in this place.
 B = Non-inter-level travel time spent in this place.
 C = Inter-level travel time spent in this place.
 D = Time resting spent in this place.
 E = Time spent auto-exploring this place.
 F = Levels seen in this place.
 G = Mean time per level.
                   A        B        C        D        E       F      G
               +--------+--------+--------+--------+--------+-----+--------+
         Total |   2831 |   2777 |     54 |    162 |   2353 |   3 |  943.7 |
       Dungeon |   2831 |   2777 |     54 |    162 |   2353 |   3 |  943.7 |
               +--------+--------+--------+--------+--------+-----+--------+

Top non-repeatable levels by time:
     D:1: 1208 daAuts
     D:2: 1147 daAuts
     D:3: 476 daAuts
